 Dungeon Crawl Stone Soup version 0.18-a0-902-g8738618 (webtiles) character file.

32 Jmtri7 the Charlatan (level 3, -1/27 HPs)
             Began as a Formicid Artificer on Dec 25, 2015.
             Was an Initiate of Cheibriados.
             Slain by Edmund
             ... wielding a +1 flail of protection
              (4 damage)
             ... on level 5 of the Dungeon.
             The game lasted 00:03:12 (393 turns).

Jmtri7 the Charlatan (Formicid Artificer)            Turns: 393, Time: 00:03:12

Health: -1/27      AC:  3    Str: 17    XL:     3   Next: 42%
Magic:  6/6        EV: 12    Int: 12    God:    Cheibriados [......]
Gold:   23         SH:  0    Dex: 12    Spells: 0 memorised, 2 levels left

rFire  . . .     SeeInvis +     a - +0 short sword
rCold  . . .     Gourm    .     b - +0 leather armour
rNeg   . . .     Faith    .     (no shield)
rPois  .         Spirit   .     (helmet unavailable)
rElec  .         Dismiss  .     (no cloak)
rCorr  .         Reflect  .     (no gloves)
SustAt .         Harm     .     (no boots)
MR     .....                    (no amulet)
Stlth  +.........               (no ring)
                                (no ring)

@: slow, not resistant to hostile enchantments, very unstealthy
A: permanent stasis, dig shafts and tunnels, four strong arms, antennae 3
a: Dig, Shaft Self, Bend Time, Renounce Religion


You were on level 5 of the Dungeon.
You worshipped Cheibriados.
Cheibriados was noncommittal.
You were not hungry.

You visited 2 branches of the dungeon, and saw 5 of its levels.

You collected 23 gold pieces.

Inventory:

Hand Weapons
 a - a +0 short sword (weapon)
Armour
 b - a +0 leather armour (worn)
Wands
 c - a wand of flame (12/48)
 d - a wand of enslavement (12/24)
 e - a wand of random effects (15/48)
Scrolls
 g - a scroll of identify {unknown}
Comestibles
 f - a bread ration


   Skills:
 + Level 2.2 Fighting
 - Level 1.0 Short Blades
 - Level 1.7 Dodging
 - Level 1.2 Stealth
 + Level 4.1 Evocations


You had 2 spell levels left.
You didn't know any spells.

Dungeon Overview and Level Annotations

Branches:
Dungeon (5/15)             Temple (1/1) D:5

Altars:
Cheibriados
Kikubaaqudgha
Makhleb
Nemelex Xobeh
Okawaru
Ru
Sif Muna
Trog
Yredelemnul
Zin

Annotations:
D:5 Edmund


Innate Abilities, Weirdness & Mutations

You are under a permanent stasis effect.
You can dig through walls and to a lower floor.
Your four strong arms can wield two-handed weapons with a shield.
You have a pair of large antennae on your head (SInv).


Message History

The ogre resists with significant effort.
This wand has 13 charges left.
Edmund hits you with a flail of protection!
Zapping:
d - a wand of enslavement (13/24)
Press: ? - help, Shift-Dir - straight line, f/p - ogre
Aim: an ogre, wielding a giant club (chance to defeat MR: 54%)
The ogre is charmed.
This wand has 12 charges left.
Edmund barely misses you.
Your ogre hits Edmund with a giant club!
You hit Edmund but do no damage.
Edmund is moderately wounded.
Edmund hits you with a flail of protection!
* * * LOW HITPOINT WARNING * * *
Your ogre hits Edmund but does no damage.
You hit Edmund but do no damage.
Edmund is moderately wounded.
Edmund hits you with a flail of protection.
* * * LOW HITPOINT WARNING * * *
Your ogre hits Edmund but does no damage.
Edmund hits you with a flail of protection.
You die...

#################
#................
#................
#..@O............
##.@.###...###+####
#...###...#......#
#........#.....'......#
#........#.....#......#
#........#.....#......#
#..###...###+###......##
#.. #...#.............#
.. ....#.............#


You could see Edmund and a friendly ogre.

Vanquished Creatures
  A hound (D:5)
1 creature vanquished.

Vanquished Creatures (collateral kills)
  3 jackals (D:5)
3 creatures vanquished.

Grand Total: 4 creatures vanquished

Notes
Turn   | Place    | Note
--------------------------------------------------------------
     0 | D:1      | Jmtri7 the Formicid Artificer began the quest for the Orb.
     0 | D:1      | Reached XP level 1. HP: 15/15 MP: 3/3
    19 | D:1      | You fall through a shaft!
    29 | D:2      | Found a basalt altar of Yredelemnul.
    70 | D:2      | You fall through a shaft for 2 floors!
    84 | D:4      | You fall through a shaft!
    84 | D:5      | Entered Level 5 of the Dungeon
   108 | D:5      | Found a staircase to the Ecumenical Temple.
   117 | Temple   | Entered the Ecumenical Temple
   291 | Temple   | Became a worshipper of Cheibriados the Contemplative
   335 | D:5      | Noticed a hound
   339 | D:5      | Killed a hound
   339 | D:5      | Reached skill level 4 in Evocations
   339 | D:5      | Reached XP level 2. HP: 15/22 MP: 0/5
   339 | D:5      | Reached XP level 3. HP: 18/27 MP: 0/6
   355 | D:5      | Noticed Edmund
   384 | D:5      | Noticed an ogre
   393 | D:5      | Slain by Edmund

Vault maps used:
D:1:      dpeg_arrival_chambers_temple_mockup
D:2:      forest_paths, lemuel_coloured_pillars_altar,
          gammafunk_temple_overflow_statue, first_bread, grunt_pakellas_basics
D:4:      xom_butterflies, serial_shops, shop, gup_sewer_entry_bowl
D:5:      kennysheep_mini_moat, elyvilon_altar_4,
          minmay_temple_entry_glassed_door, grunt_dithmenos_shadows,
          uniq_prince_ribbit1, uniq_edmund
Temple:   jpeg_temple_clearing_9

Action                   || total
-------------------------++-------
Melee: Short sword       ||     7
Invok: Bend Time         ||     1
 Abil: Shaft Self        ||     3
Evoke: Wand              ||     6
